AoeStats
← Perro

Lombardia

510220172Analyzed
2v2 RM · 3d ago on Sep 30, 2026· 44m 44s· 4 players
Game mode
Random Map
Map size
Medium (4 player)
Population
200
Speed
Normal
Resources
Standard
Victory
Conquest
Starting age
Dark Age
Ending age
Imperial Age
RankedLock teamsTeams togetherTeam positionsShared explorationLock speedFull tech treeHidden civsTurbo modeCheats
Victory
Defeat
🇦🇷 Berbers · Argentina
828
+14
🇦🇷 Byzantines · Argentina
826
+14
🇦🇷 Goths · Argentina
786
-14
🇦🇷 Bohemians · Argentina
785
-14
sauceBoyz'
8:15 Loom
10:04 Feudal Age
11:38 Double-Bit Axe
21:08 Castle Age
22:22 Bow Saw
21:55 Horse Collar
21:39 Crossbowman
25:09 Wheelbarrow
26:10 Chemistry
25:32 Ballistics
29:53 Imperial Age
33:36 Elite Skirmisher
36:55 Fletching
37:05 Padded Archer Armor
Pola.10
4:43 Loom
11:38 Feudal Age
12:45 Double-Bit Axe
12:23 Man-at-Arms
21:05 Castle Age
21:22 Horse Collar
23:36 Long Swordsman
25:05 Gold Mining
25:07 Stone Mining
25:25 Squires
25:20 Town Watch
26:46 Bow Saw
27:01 Scale Mail Armor
28:32 Pikeman
30:00 Wheelbarrow
33:20 Stone Shaft Mining
32:22 Elite Skirmisher
34:27 Heavy Plow
38:29 Imperial Age
37:17 Chain Mail Armor
37:13 Forging
36:55 Fletching
40:24 Perfusion
40:48 Halberdier
44:07 Anarchy
45:05 Bodkin Arrow
45:10 Padded Archer Armor
45:45 Iron Casting
Mapache
5:05 Loom
11:23 Feudal Age
19:07 Castle Age
18:08 Horse Collar
18:19 Double-Bit Axe
20:16 Bow Saw
19:37 Crossbowman
21:13 Heavy Plow
21:52 Fletching
23:03 Elite Skirmisher
24:42 Bodkin Arrow
26:04 Wheelbarrow
27:44 Squires
30:01 Thumb Ring
30:29 Padded Archer Armor
31:22 Hand Cart
31:59 Forging
34:03 Leather Archer Armor
34:45 Ballistics
35:08 Gold Mining
35:09 Stone Mining
39:34 Imperial Age
40:22 Arson
40:04 Arbalester
41:10 Conscription
40:33 Capped Ram
41:43 Bracer
43:00 Ring Archer Armor
43:32 Logistica
Perro
2:55 Loom
10:07 Feudal Age
10:53 Double-Bit Axe
22:13 Castle Age
21:19 Bloodlines
22:26 Fletching
24:01 Thumb Ring
24:01 Husbandry
24:50 Scale Barding Armor
25:12 Gold Mining
27:12 Bow Saw
28:00 Forging
30:11 Wheelbarrow
34:00 Padded Archer Armor
36:16 Hand Cart
40:39 Imperial Age
37:35 Elite Skirmisher
39:40 Town Watch
40:44 Chain Barding Armor
41:02 Cavalier
42:18 Town Patrol
Connection lost

Rejoining the realm…

Still unreachable

The connection could not be restored.

Session expired

The server has moved on; the page needs a fresh start.